 Dungeon Crawl Stone Soup version 0.20.0-10-g0535bb4 (webtiles) character file.

95 Lexie the Ruffian (level 4, 0/44 HPs)
             Began as a Troll Monk on June 6, 2017.
             Slain by McKennaii's ghost (15 damage)
             ... on level 3 of the Dungeon.
             The game lasted 00:01:33 (1574 turns).

Lexie the Ruffian (Troll Monk)                      Turns: 1574, Time: 00:01:34

Health: 0/44       AC:  6    Str: 20    XL:     4   Next: 40%
Magic:  3/3        EV: 10    Int:  6    God:
Gold:   116        SH:  0    Dex: 12    Spells: 3/3 levels left

rFire    . . .     SeeInvis .     - Unarmed
rCold    . . .     Gourm    +   (no shield)
rNeg     . . .     Faith    .   a - +0 robe
rPois    .         Spirit   .   (helmet restricted)
rElec    .         Reflect  .   g - +0 cloak
rCorr    .         Harm     .   (gloves unavailable)
MR       .....                  (boots unavailable)
Stlth    ++........             (no amulet)
Regen    0.6/turn               (no ring)
MPRegen  0.1/turn               (no ring)

@: no status effects
A: unfitting armour, claws 3, fast metabolism 3, gourmand, regeneration 1,
shaggy fur 1, tough skin 2
a: no special abilities


You were on level 3 of the Dungeon.
You were full.

You visited 1 branch of the dungeon, and saw 3 of its levels.

You collected 116 gold pieces.

Inventory:

Armour
 a - a +0 robe (worn)
 g - a +0 cloak (worn)
Jewellery
 k - an uncursed ring of flight {unknown}
Scrolls
 d - 2 scrolls of recharging {unknown}
 e - a scroll of magic mapping {unknown}
 f - 4 scrolls of identify {unknown}
 h - a scroll of fear {unknown}
 l - a scroll of remove curse {unknown}
 m - a scroll of amnesia {unknown}
Potions
 c - 2 potions of curing {unknown}
 i - a potion of might {unknown}
 j - a potion of degeneration {unknown}
 n - a potion of brilliance {unknown}
Comestibles
 b - 8 bread rations


   Skills:
 - Level 2.4 Fighting
 - Level 2.4 Dodging
 - Level 1.0 Stealth
 + Level 5.2 Unarmed Combat


You had 3 spell levels left.
You didn't know any spells.

Dungeon Overview and Level Annotations

Branches:
Dungeon (3/15)

Altars:
Zin

Annotations:
D:3 McKennaii's ghost, amateur DsFi


Innate Abilities, Weirdness & Mutations

You are too large for most types of armour.
You have claws for hands.
Your metabolism is lightning-fast.
You like to eat raw meat.
Your natural rate of healing is unusually fast.
You are covered in fur. (AC +1)
You have very tough skin. (AC +2)


Message History

McKennaii's ghost is moderately damaged.
McKennaii's ghost hits you.
You scratch McKennaii's ghost.
McKennaii's ghost is moderately damaged.
McKennaii's ghost hits you!
You scratch McKennaii's ghost but do no damage.
McKennaii's ghost is moderately damaged.
McKennaii's ghost closely misses you.
You barely miss McKennaii's ghost.
McKennaii's ghost is moderately damaged.
You claw McKennaii's ghost!
McKennaii's ghost is severely damaged.
McKennaii's ghost hits you!
You claw McKennaii's ghost!
McKennaii's ghost is almost destroyed.
McKennaii's ghost hits you!
You scratch McKennaii's ghost.
McKennaii's ghost is almost destroyed.
McKennaii's ghost hits you!
You die...

#.# #.# ## ###.#
... .####...#
....
#....>#.###.....
#...............
................
.....#W####....
### #@# # #.#
#####.#####
#.........#
#<........#
#.........#
###########


You could see McKennaii's ghost.

Vanquished Creatures
  Jessica (D:2)
  2 adders (D:2)
  A gnoll (D:1)
  A dart slug (D:1)
  A leopard gecko (D:2)
  2 goblins
  6 hobgoblins
  2 jackals (D:2)
  7 bats
  4 frilled lizards (D:1)
  6 kobolds
  10 rats
43 creatures vanquished.

Notes
Turn   | Place    | Note
-------+----------+-------------------------------------------
     0 | D:1      | Lexie the Troll Monk began the quest for the Orb.
     0 | D:1      | Reached XP level 1. HP: 22/22 MP: 0/0
   187 | D:1      | Reached XP level 2. HP: 29/29 MP: 1/1
   237 | D:1      | Reached skill level 4 in Unarmed Combat
   982 | D:2      | Reached XP level 3. HP: 36/36 MP: 2/2
  1034 | D:2      | Found a glowing silver altar of Zin.
  1393 | D:2      | Noticed Jessica
  1401 | D:2      | Killed Jessica
  1401 | D:2      | Reached skill level 5 in Unarmed Combat
  1401 | D:2      | Reached XP level 4. HP: 29/44 MP: 3/3
  1555 | D:3      | Noticed McKennaii's ghost (amateur DsFi)
  1574 | D:3      | Slain by McKennaii's ghost

Skill      XL: |  1  2  3 |
---------------+----------+-----
Unarmed Combat | 4 5 |  5.2
Fighting       | |  2.4
Dodging        | |  2.4
Stealth        | |  1.0

Action                   |  1- 3 |  4- 6 || total
-------------------------+-------+-------++-------
Melee: Unarmed           |    83 |    16 ||    99
 Stab: Sleeping          |     4 |       ||     4
  Eat: Chunk             |    15 |     2 ||    17
Armor: Robe              |    34 |     2 ||    36
Dodge: Dodged            |    38 |     5 ||    43
